 Dungeon Crawl Stone Soup version 0.28-a0-1206-g193881aaa2 (webtiles) character file.

Game seed: 255137318360344811

93 hazymike the Grasshopper (level 4, -1/40 HPs)
             Began as a Naga Warper on Dec 20, 2021.
             Slain by a gnoll (7 damage)
             ... on level 2 of the Dungeon.
             The game lasted 00:25:28 (2627 turns).

hazymike the Grasshopper (Naga Warper)              Turns: 2627, Time: 00:25:29

Health: -1/40      AC:  2    Str: 14    XL:     4   Next: 62%
Magic:  6/7        EV:  9    Int: 15    God:
Gold:   14         SH:  0    Dex: 10    Spells: 2/7 levels left

rFire   . . .      SeeInvis +   a - +0 hand axe
rCold   . . .      Faith    .   (no shield)
rNeg    . . .      Spirit   .   b - +0 leather armour
rPois   +          Reflect  .   (no helmet)
rElec   .          Harm     .   (no cloak)
rCorr   .          Rampage  .   (no gloves)
Will    .....                   (no barding)
Stlth   ++........              (no amulet)
HPRegen 0.13/turn               (no ring)
MPRegen 0.10/turn               (no ring)

@: very slow
A: AC +1, large, see invisible, deformed body, poison resistance, slowness 2,
spit poison 1, naga tail 1
a: Spit Poison


You were on level 2 of the Dungeon.
You visited 1 branch of the dungeon, and saw 2 of its levels.

You collected 14 gold pieces.

Inventory:

Hand Weapons
 a - a +0 hand axe (weapon)
Missiles
 d - 5 boomerangs of dispersal
 g - 10 poisoned darts (quivered)
 h - 62 stones
Armour
 b - a +0 leather armour (worn)
Scrolls
 c - a scroll of blinking
 f - 2 scrolls of vulnerability {unknown}
 j - a scroll of magic mapping {unknown}
 k - a scroll of immolation {unknown}
Potions
 e - 2 potions of heal wounds {unknown}
 i - a potion of curing {unknown}


   Skills:
 + Level 2.7 Fighting
 * Level 3.3 Axes
 - Level 0.8 Throwing
 - Level 0.7 Armour
 - Level 1.5 Dodging
 + Level 2.6 Stealth
 - Level 2.0 Spellcasting
 + Level 3.5 Translocations


You had 2 spell levels left.
You knew the following spells:

 Your Spells              Type           Power      Damage    Failure   Level
a - Blink                 Tloc           24%        N/A       10%         2
b - Teleport Other        Tloc           12%        N/A       21%         3

Your spell library contained the following spells:

 Spells                   Type           Power      Damage    Failure   Level
 Sublimation of Blood     Necr           1%         N/A       38%         2
 Gell's Gravitas          Tloc           12%        N/A       21%         3
 Lesser Beckoning         Tloc           12%        N/A       21%         3
 Manifold Assault         Tloc           12%        N/A       88%         5
 Petrify                  Tmut/Erth      1%         N/A       95%         4
 Irradiate                Conj/Tmut      0%         3d13      100%        5


Dungeon Overview and Level Annotations

Branches:
Dungeon (2/15)

Altars:


Innate Abilities, Weirdness & Mutations

Your serpentine skin is tough. (AC +1)
You have supernaturally acute eyesight. (SInv)
Armour fits poorly on your strangely shaped body.
Your system is resistant to poisons. (rPois)
You cover ground very slowly.
You can spit poison.
You have a snake-like lower body.


Message History

The splash of poison hits the gnoll.
The gnoll is poisoned.
The gnoll is lightly wounded.
The gnoll hits you with a +0 flail!
You hit the gnoll.
The gnoll is heavily wounded.
The gnoll hits you with a +0 flail.
You completely miss the gnoll.
The gnoll is heavily wounded.
You have got your breath back.
The gnoll barely misses you.
You hit the gnoll.
You kill the gnoll!
You barely miss the gnoll.
The gnoll is moderately wounded.
The gnoll closely misses you. The gnoll closely misses you.
You barely miss the gnoll.
The gnoll is moderately wounded.
The gnoll closely misses you.
You hit the gnoll.
The gnoll is heavily wounded.
The gnoll barely misses you.
You closely miss the gnoll.
The gnoll is heavily wounded.
The gnoll hits you with a +0 club.
You closely miss the gnoll.
The gnoll is heavily wounded.
The gnoll hits you with a +0 club!
* * * LOW HITPOINT WARNING * * *
Casting: Blink (safe; 10% risk of failure)
Confirm with . or Enter, or press ? or * to list all spells.
You blink.
You feel stable enough to blink again. The gnoll hits you with a +0 club.
* * * LOW HITPOINT WARNING * * *
The gnoll misses you. The gnoll hits you with a +0 club.
* * * LOW HITPOINT WARNING * * *
The gnoll hits you with a +0 club!
You die...

.# #.# #.#.##......######.#
.# #.#### #.#.##......# #.#
.# #....# #.#.##......# #.#
.# #....# #.#.##......# #.#
## #....# #.#.######'## #.#
.## #.g..####.#.# #.# #.#
.(# #....'....#.#
###.#######.# #(#
#....######.####...........#
#.#
####.....gg.@.##......######
#.# #.######g#.##......# #.#
#.# #.#.##....<.# #.## #.#
#.#.####'#### ...# #.#
#.#.####.## .#.# #.#
#.........# †#.##
#.######..################
.#..#
#.#.......................
###.##
#.####.#################


You could see 3 gnolls.

Vanquished Creatures
  4 adders (D:2)
  A gnoll (D:2)
  2 dart slugs
  3 ball pythons
  5 bats
  5 endoplasms
  A giant cockroach (D:2)
  4 goblins
  2 hobgoblins (D:1)
  3 jackals (D:2)
  4 kobolds
  A quokka (D:2)
  2 frilled lizards
  5 rats
42 creatures vanquished.

Notes
Turn   | Place    | Note
-------+----------+-------------------------------------------
     0 | D:1      | hazymike the Naga Warper began the quest for the Orb.
     0 | D:1      | Reached XP level 1. HP: 19/19 MP: 3/3
   148 | D:1      | Found a faded altar of an unknown god.
   313 | D:1      | Reached skill level 1 in Stealth
   313 | D:1      | Reached XP level 2. HP: 26/26 MP: 5/5
  1459 | D:2      | Learned a level 2 spell: Blink
  1563 | D:2      | Reached XP level 3. HP: 32/32 MP: 6/6
  1906 | D:2      | Learned a level 3 spell: Teleport Other
  2165 | D:2      | Reached XP level 4. HP: 30/40 MP: 7/7
  2627 | D:2      | Slain by a gnoll

Illustrated notes

Levels and vault maps discovered:
D:1:      heliophobic_arrival_enchanted_forest, layout_basic,
          chequers_ecumenical_altar_simple_redux
D:2:      minmay_general_purpose_star, layout_basic

Skill      XL: |  1  2  3 |
---------------+----------+-----
Stealth        | 1 2 |  2.6
Axes           | 3 |  3.3
Fighting       | |  2.7
Throwing       | |  0.8
Armour         | |  0.7
Dodging        | |  1.5
Spellcasting   | |  2.0
Translocations | |  3.5

Action                   |  1- 3 |  4- 6 || total
-------------------------+-------+-------++-------
Melee: Hand axe          |    51 |    13 ||    64
Throw: Stone             |     9 |     5 ||    14
       Dart              |    16 |     8 ||    24
 Cast: Blink             |       |     1 ||     1
 Abil: Spit Poison       |    29 |     5 ||    34
Armor: Leather armour    |    15 |     2 ||    17
Dodge: Dodged            |    34 |     8 ||    42

Table legend: (Time is in decaauts)
 A = Elapsed time spent in this place.
 B = Non-inter-level travel time spent in this place.
 C = Inter-level travel time spent in this place.
 D = Time resting spent in this place.
 E = Time spent auto-exploring this place.
 F = Levels seen in this place.
 G = Mean time per level.
                   A        B        C        D        E       F      G
               +--------+--------+--------+--------+--------+-----+--------+
         Total |   3400 |   3252 |    148 |    506 |    729 |   2 | 1700.0 |
       Dungeon |   3400 |   3252 |    148 |    506 |    729 |   2 | 1700.0 |
               +--------+--------+--------+--------+--------+-----+--------+

Top non-repeatable levels by time:
     D:1: 1972 daAuts
     D:2: 1427 daAuts
